AoeStats
← Iceman

Black Forest

510914375Analyzed
4v4 RM · 17h ago on Oct 3, 2026· 75m 37s· 8 players
Game mode
Random Map
Map size
Large (8 player)
Population
200
Speed
Normal
Resources
Standard
Victory
Conquest
Starting age
Dark Age
Ending age
Imperial Age
RankedLock teamsTeams togetherTeam positionsShared explorationLock speedFull tech treeHidden civsTurbo modeCheats
Victory
Defeat
🇦🇷 Vietnamese · Argentina
1062
+17
🇺🇸 Britons · United States
1043
+18
🇨🇳 Teutons · China
1018
+19
🇹🇼 Hindustanis · Taiwan
1010
+19
🇧🇷 Teutons · Brazil
1159
-22
🇧🇷 Persians · Brazil
1122
-20
🇧🇷 Bohemians · Brazil
1079
-18
🇧🇷 Magyars · Brazil
944
-13
NITRO_OF_THE_OLD_DOMINION
1:40 Loom
12:54 Feudal Age
19:12 Castle Age
17:51 Double-Bit Axe
20:33 Bow Saw
21:12 Horse Collar
26:15 Fletching
29:17 Wheelbarrow
28:46 Bodkin Arrow
31:41 Padded Archer Armor
31:52 Forging
32:02 Hand Cart
35:14 Imperial Age
32:51 Gold Mining
33:46 Fortified Wall
33:58 Masonry
34:09 Scale Mail Armor
35:53 Gold Shaft Mining
35:09 Stone Mining
35:50 Leather Archer Armor
35:52 Chain Mail Armor
36:21 Conscription
36:57 Yeomen
36:52 Elite Longbowman
37:40 Squires
38:42 Ballistics
39:23 Chemistry
38:40 Pikeman
40:10 Architecture
39:50 Bracer
40:06 Treadmill Crane
40:37 Halberdier
44:29 Guard Tower
44:25 Arrowslits
46:09 Ring Archer Armor
46:10 Plate Mail Armor
46:15 Iron Casting
46:51 Keep
47:05 Squires
46:50 Arson
47:17 Warwolf
48:35 Two-Man Saw
49:06 Capped Ram
49:54 Siege Engineers
59:04 Blast Furnace
58:01 Murder Holes
60:21 Heavy Plow
66:47 Town Watch
72:16 Town Patrol
72:15 Spies/Treason
75:17 Sappers
76:25 Hoardings
CMY
11:37 Feudal Age
11:04 Loom
15:52 Castle Age
14:30 Loom
15:19 Double-Bit Axe
23:50 Wheelbarrow
23:18 Stone Mining
25:16 Gold Mining
28:40 Imperial Age
26:42 Horse Collar
27:21 Bow Saw
27:27 Fletching
27:40 Scale Mail Armor
27:51 Forging
28:00 Squires
27:26 Pikeman
28:20 Heavy Plow
29:25 Scale Barding Armor
29:36 Chain Mail Armor
28:42 Halberdier
29:48 Conscription
29:22 Cavalier
31:09 Bloodlines
32:22 Iron Casting
32:17 Plate Mail Armor
32:08 Chain Barding Armor
33:25 Chemistry
34:42 Crenellations
35:46 Blast Furnace
35:13 Ballistics
36:27 Two-Man Saw
36:13 Plate Barding Armor
36:43 Paladin
39:03 Bodkin Arrow
39:23 Masonry
43:53 Ironclad
46:08 Capped Ram
48:40 Caravan
62:43 Crop Rotation
brandon102372
10:54 Feudal Age
15:28 Castle Age
14:18 Double-Bit Axe
14:14 Horse Collar
18:23 Bow Saw
18:28 Heavy Plow
25:46 Scale Barding Armor
25:53 Forging
25:42 Pikeman
27:41 Husbandry
28:12 Gold Mining
28:12 Stone Mining
28:36 Bloodlines
30:39 Chain Barding Armor
31:42 Iron Casting
36:26 Imperial Age
34:31 Wheelbarrow
36:02 Hand Cart
35:49 Scale Mail Armor
36:57 Siege Elephant
38:04 Conscription
39:10 Plate Barding Armor
39:36 Blast Furnace
39:49 Heavy Camel Rider
42:04 Imperial Camel Rider
43:18 Loom
47:07 Chain Mail Armor
48:42 Grand Trunk Road
49:20 Caravan
50:29 Padded Archer Armor
51:35 Chemistry
50:53 Fortified Wall
50:43 Murder Holes
50:58 Masonry
52:41 Shatagni
54:52 Light Cavalry
56:15 Leather Archer Armor
58:32 Squires
58:18 Arson
59:32 Hussar
71:33 Fortified Wall
71:50 Spies/Treason
MatiSitoula
1:36 Loom
12:01 Feudal Age
12:34 Double-Bit Axe
17:55 Castle Age
19:23 Bow Saw
34:11 Gold Mining
34:14 Horse Collar
35:46 Town Watch
37:15 Squires
40:22 Fletching
40:33 Scale Mail Armor
41:01 Bodkin Arrow
42:43 Wheelbarrow
47:43 Imperial Age
45:28 Padded Archer Armor
47:05 Hand Cart
47:12 Masonry
50:00 Chemistry
49:26 Ballistics
49:12 Siege Engineers
50:37 Paper Money
50:41 Caravan
51:12 Coinage
51:16 Leather Archer Armor
51:08 Heavy Plow
52:17 Bracer
55:32 Stone Mining
56:26 Ring Archer Armor
55:31 Elite Rattan Archer
57:08 Elite Fire Lancer
58:14 Chatras
60:14 Chain Mail Armor
60:11 Forging
61:42 Husbandry
61:52 Bloodlines
61:03 Elite Battle Elephant
62:47 Scale Barding Armor
64:00 Chain Barding Armor
66:22 Plate Barding Armor
73:10 Iron Casting
73:43 Arson
74:32 Plate Mail Armor
Iceman
1:06 Loom
14:39 Feudal Age
18:02 Double-Bit Axe
22:28 Castle Age
22:45 Horse Collar
22:59 Gold Mining
25:06 Scale Barding Armor
25:13 Forging
25:31 Bloodlines
25:24 Husbandry
25:05 Light Cavalry
26:47 Heavy Plow
29:20 Bow Saw
38:29 Imperial Age
36:36 Wheelbarrow
36:46 Gold Shaft Mining
36:02 Stone Mining
38:46 Hand Cart
39:22 Stone Shaft Mining
38:34 Cavalier
38:35 Hussar
40:22 Chemistry
39:46 Ballistics
41:33 Two-Man Saw
41:11 Crop Rotation
41:05 Savar
43:05 Iron Casting
43:06 Chain Barding Armor
45:28 Blast Furnace
46:32 Plate Barding Armor
45:48 Fletching
45:59 Padded Archer Armor
45:53 Heated Shot
46:24 Caravan
46:55 Coinage
46:35 Guilds
47:49 Banking
49:25 Bodkin Arrow
58:15 Crossbowman
59:00 Thumb Ring
61:27 Kamandaran
61:50 Conscription
Pickle
0:27 Loom
11:40 Feudal Age
17:14 Horse Collar
17:23 Double-Bit Axe
20:01 Castle Age
18:47 Forging
19:29 Scale Barding Armor
22:07 Iron Casting
23:02 Bow Saw
23:40 Wheelbarrow
23:16 Heavy Plow
29:14 Chemistry
33:14 Imperial Age
31:23 Wheelbarrow
31:43 Scale Mail Armor
31:45 Squires
31:31 Pikeman
32:49 Iron Casting
32:35 Fortified Wall
33:38 Hand Cart
33:53 Chain Barding Armor
33:53 Chain Mail Armor
35:05 Two-Man Saw
34:13 Town Watch
35:02 Conscription
35:45 Blast Furnace
34:58 Caravan
36:27 Town Patrol
36:28 Halberdier
37:36 Fervor
37:21 Herbal Medicine
38:05 Plate Mail Armor
38:19 Padded Archer Armor
39:04 Siege Engineers
38:52 Fletching
39:35 Coinage
39:46 Leather Archer Armor
39:26 Houfnice
40:17 Bodkin Arrow
41:31 Ring Archer Armor
40:31 Elite Skirmisher
42:24 Bracer
44:25 Banking
47:08 Chain Barding Armor
Haven((GM))
1:27 Loom
10:52 Feudal Age
16:59 Castle Age
15:33 Fletching
15:57 Double-Bit Axe
16:10 Horse Collar
17:52 Bodkin Arrow
18:42 Bow Saw
29:06 Town Watch
30:43 Wheelbarrow
35:07 Imperial Age
33:07 Forging
34:28 Iron Casting
35:24 Hand Cart
37:20 Blast Furnace
38:45 Scale Mail Armor
41:28 Hoardings
51:08 Crenellations
51:19 Chain Mail Armor
54:10 Scale Barding Armor
56:24 Onager
57:42 Chain Barding Armor
58:37 Two-Man Saw
58:09 Conscription
59:19 Plate Mail Armor
61:16 Plate Barding Armor
62:18 Heavy Scorpion
63:02 Heavy Scorpion
Shark
11:24 Feudal Age
12:43 Double-Bit Axe
12:46 Horse Collar
14:19 Gold Mining
19:54 Castle Age
18:07 Scale Barding Armor
21:19 Bow Saw
25:56 Bloodlines
35:39 Chain Barding Armor
35:22 Heavy Plow
37:04 Husbandry
40:27 Imperial Age
41:28 Cavalier
43:41 Gold Shaft Mining
45:57 Crop Rotation
59:39 Light Cavalry
60:18 Loom
61:08 Wheelbarrow
Connection lost

Rejoining the realm…

Still unreachable

The connection could not be restored.

Session expired

The server has moved on; the page needs a fresh start.